 Dungeon Crawl Stone Soup version 0.30-a0-371-gad7725a93e (webtiles) character file.

Game seed: 4582322288787077599

507 ders the Trooper (level 6, -1/85 HPs)
             Began as a Minotaur Fighter on Nov 22, 2022.
             Was an Initiate of Okawaru.
             Slain by a scorpion (4 damage)
             ... on level 4 of the Dungeon.
             The game lasted 00:06:12 (3097 turns).

ders the Trooper (Minotaur Fighter)                 Turns: 3097, Time: 00:06:14

Health: -1/85      AC: 12    Str: 23    XL:     6   Next: 97%
Magic:  5/5        EV:  6    Int:  5    God:    Okawaru [......]
Gold:   149        SH:  5    Dex:  9    Spells: 5/5 levels left

rFire   . . .      SeeInvis .    a - +0 war axe
rCold   . . .      Faith    .    c - +0 buckler
rNeg    . . .      Spirit   .    s - +0 plate armour
rPois   .          Reflect  .    (helmet restricted)
rElec   .          Harm     .    (no cloak)
rCorr   .          Rampage  .    (no gloves)
Will    .....                    (no boots)
Stlth   ..........               (no amulet)
HPRegen 0.34/turn                (no ring)
MPRegen 0.09/turn                (no ring)

@: berserking, very quick
A: horns 2, retaliatory headbutt
a: Renounce Religion


You were on level 4 of the Dungeon.
You worshipped Okawaru.
Okawaru was noncommittal.
You visited 2 branches of the dungeon, and saw 6 of its levels.

You collected 149 gold pieces.

Inventory:

Hand Weapons
 a - a +0 war axe (weapon)
Armour
 b - a +0 scale mail
 c - a +0 buckler (worn)
 s - a +0 plate armour (worn)
Wands
 n - a wand of paralysis (13)
Scrolls
 e - 5 scrolls of identify {unknown}
 i - 3 scrolls of torment {unknown}
 j - 3 scrolls of enchant armour {unknown}
 k - a scroll of teleportation {unknown}
 o - a scroll of immolation {unknown}
 t - a scroll of enchant weapon {unknown}
 w - a scroll of fog {unknown}
 x - a scroll of summoning {unknown}
 y - a scroll of silence {unknown}
Potions
 p - a potion of haste {unknown}
 q - a potion of resistance {unknown}
 r - a potion of brilliance {unknown}
 u - a potion of heal wounds {unknown}
 v - a potion of flight {unknown}
 z - a potion of ambrosia {unknown}


   Skills:
 + Level 5.7 Fighting
 + Level 5.0 Axes
 + Level 5.6 Armour
 + Level 5.7 Shields


You had 5 spell levels left.
You didn't know any spells.
Your spell library contained the following spells:

 Spells                   Type           Power      Damage    Failure   Level
 Ozocubu's Armour         Ice            0%         N/A       100%        3
 Ozocubu's Refrigeration  Ice            0%         4d7       100%        7


Dungeon Overview and Level Annotations

Branches:
Dungeon (5/15)             Temple (1/1) D:4

Altars:
Ashenzari
Cheibriados
Dithmenos
Elyvilon
Gozag
Hepliaklqana
Kikubaaqudgha
Nemelex Xobeh
Okawaru
Qazlal
Sif Muna
Trog
Vehumet
Wu Jian
Xom
Zin

Shops:
D:3 =   D:5 !

Annotations:
D:4 Blork the orc


Innate Abilities, Weirdness & Mutations

You have a pair of horns on your head.
You reflexively headbutt those who attack you in melee.


Message History

* * * LOW HITPOINT WARNING * * *
The gnoll barely misses you.
You climb upwards.
There is a stone staircase leading down here.
You are too confused!
It was a potion of lignification.
You turn into a tree.
Your +0 plate armour melds into your body.
Your roots penetrate the ground.
The scorpion stings you but does no damage.
The gnoll bouda hits you with a +0 whip.
* * * LOW HITPOINT WARNING * * *
The scorpion stings you but does no damage.
The gnoll hits you with a +0 whip.
* * * LOW HITPOINT WARNING * * *
Blork the orc barely misses you.
It was a potion of curing.
You feel better. You block the scorpion's attack.
The gnoll bouda hits you but does no damage.
The gnoll hits you with a +0 whip.
* * * LOW HITPOINT WARNING * * *
Blork the orc hits you with a +0 scimitar.
* * * LOW HITPOINT WARNING * * *
It was a potion of attraction.
You feel attractive to monsters. You block the scorpion's attack.
You block the gnoll bouda's attack. The gnoll hits you but does no damage.
Blork the orc hits you but does no damage.
It was a potion of cancellation.
Your magical effects are unravelling.
You feel magically purged.
You feel less wooden.
Your +0 plate armour unmelds from your body.
You feel a little less mighty now.
The scorpion stings you but does no damage.
You block the gnoll bouda's attack. The gnoll hits you but does no damage.
Blork the orc hits you but does no damage.
You feel less attractive to monsters.
It was a potion of berserk rage.
A red film seems to cover your vision as you go berserk!
You feel yourself moving faster!
You feel mighty! The scorpion stings you.
You die...

######...................#.#
#....#...##.###..#######...#
##....#...##.# #.## ####..######
..........##.###.####..........#
........####..##.#..+..........#
........## ##..#....#.......)..#
.........# ##.#o.#.#..........#
########.# #ogo##.#..........#
.#.###.#.# ##g@s.............#
#.##.#.#.# #####............#
...##..#.# #..........[.#
.......#.# #........#####
.........# #.######## ##########
#.##### #..†..# ######.###.#
#.......##.#


You could see Blork the orc, a gnoll bouda, a scorpion, an orc wizard, a gnoll
(swift) and an orc.

Vanquished Creatures
  Grinder (D:4)
  Edmund (D:4)
  A hound (D:3)
  An orc wizard (D:3)
  4 adders
  A worm (D:2)
  3 dart slugs (D:2)
  7 orcs
  16 endoplasms
  A giant cockroach (D:3)
  6 hobgoblins
  A quokka (D:3)
  5 ball pythons
  6 bats
  9 frilled lizards
  8 goblins
  11 kobolds
  8 rats
90 creatures vanquished.

Notes
Turn   | Place    | Note
-------+----------+-------------------------------------------
     0 | D:1      | ders the Minotaur Fighter began the quest for the Orb.
     0 | D:1      | Reached XP level 1. HP: 19/19 MP: 0/0
   228 | D:1      | Reached XP level 2. HP: 27/27 MP: 1/1
   805 | D:2      | Reached XP level 3. HP: 28/33 MP: 2/2
  1202 | D:2      | Reached XP level 4. HP: 41/41 MP: 3/3
  1739 | D:3      | Found Uxosaken's Jewellery Emporium.
  1780 | D:3      | Reached XP level 5. HP: 47/47 MP: 4/4
  1974 | D:3      | Found an ancient bone altar of Kikubaaqudgha.
  2201 | D:4      | Noticed Grinder
  2218 | D:4      | Killed Grinder
  2219 | D:4      | Reached skill level 5 in Fighting
  2219 | D:4      | Reached skill level 5 in Armour
  2219 | D:4      | Reached skill level 5 in Shields
  2219 | D:4      | Reached XP level 6. HP: 24/56 MP: 5/5
  2352 | D:4      | Found a staircase to the Ecumenical Temple.
  2366 | Temple   | Entered the Ecumenical Temple
  2546 | Temple   | Became a worshipper of Warmaster Okawaru
  2883 | D:4      | Noticed Edmund
  2904 | D:4      | Killed Edmund
  2905 | D:4      | Reached skill level 5 in Axes
  3087 | D:5      | Entered Level 5 of the Dungeon
  3087 | D:5      | Noticed Blork the orc
  3087 | D:5      | Found Sazxiuqagi's Distillery.
  3093 | D:4      | HP: 4/85 [gnoll bouda/+0 whip (2)]
  3097 | D:4      | Slain by a scorpion

Illustrated notes

Levels and vault maps discovered:
D:1:      lordsloth_arrival_two_stooges, layout_loops_corners
D:2:      layout_basic, minmay_lizard_pond
D:3:      layout_rooms, general_overflow_altar, serial_shops,
          nicolae_shop_behind_doors, serial_curves, eino_curves_02,
          eino_curves_03
D:4:      layout_basic, minmay_temple_entry_mini_moons, minmay_misc_feat_rugged,
          uniq_edmund, uniq_grinder
D:5:      cheibrodos_quashed, layout_basic,
          chequers_temple_overflow_statue_of_worship, serial_shops,
          nicolae_stop_n_shop_1, shop, shop, kennysheep_mini_moat, shop,
          uniq_blork_the_orc
Temple:   bh_familiar_temple

Skill      XL: |  1  2  3  4  5  6 |
---------------+-------------------+-----
Fighting       | 4 5 |  5.7
Shields        | 4 5 |  5.7
Armour         | 4 5 |  5.6
Axes           | 3 4 5 |  5.0

Action                   |  1- 3 |  4- 6 || total
-------------------------+-------+-------++-------
Melee: War axe           |    99 |   104 ||   203
       Headbutt          |    10 |    16 ||    26
  Use: Potion            |       |     6 ||     6
Armor: Scale mail        |    42 |    21 ||    63
       Plate armour      |       |    20 ||    20
       Skin              |       |     5 ||     5
Dodge: Dodged            |    55 |    52 ||   107
Block: Buckler           |    18 |    30 ||    48

Table legend: (Time is in decaauts)
 A = Elapsed time spent in this place.
 B = Non-inter-level travel time spent in this place.
 C = Inter-level travel time spent in this place.
 D = Time resting spent in this place.
 E = Time spent auto-exploring this place.
 F = Levels seen in this place.
 G = Mean time per level.
                   A        B        C        D        E       F      G
               +--------+--------+--------+--------+--------+-----+--------+
         Total |   3173 |   3103 |     70 |    262 |   2254 |   6 |  528.8 |
       Dungeon |   2970 |   2924 |     46 |    262 |   2086 |   5 |  594.0 |
        Temple |    202 |    178 |     24 |      0 |    168 |   1 |  202.0 |
               +--------+--------+--------+--------+--------+-----+--------+

Top non-repeatable levels by time:
     D:1: 819 daAuts
     D:4: 780 daAuts
     D:2: 695 daAuts
     D:3: 671 daAuts
  Temple: 202 daAuts
     D:5: 4 daAuts
